 Dungeon Crawl Stone Soup version 0.19.1 (webtiles) character file.

412 Nakatomy the Magician (level 6, -1/32 HPs)
             Began as a Deep Elf Fire Elementalist on Dec 23, 2016.
             Slain by a slave (5 damage)
             ... led by Pikel
             ... on level 3 of the Dungeon.
             The game lasted 00:16:16 (4715 turns).

Nakatomy the Magician (Deep Elf Fire Elementalist)  Turns: 4715, Time: 00:16:18

Health: -1/32      AC:  6    Str:  5    XL:     6   Next: 59%
Magic:  11/17      EV: 13    Int: 22    God:
Gold:   171        SH:  0    Dex: 15    Spells: 3 memorised, 12 levels left

rFire  . . .     SeeInvis .     q - +2 short sword (venom)
rCold  . . .     Gourm    .     y - +0 robe (curse)
rNeg   . . .     Faith    .     (no shield)
rPois  .         Spirit   .     (no helmet)
rElec  .         Reflect  .     i - +2 cloak
rCorr  .         Harm     .     (no gloves)
MR     .....                    p - +0 pair of boots
Stlth  ++........               (no amulet)
                                (no ring)
                                (no ring)

@: no status effects
A: no striking features
a: no special abilities


You were on level 3 of the Dungeon.
You were not hungry.

You visited 1 branch of the dungeon, and saw 4 of its levels.

You collected 171 gold pieces.

Inventory:

Hand Weapons
 q - a +2 short sword of venom (weapon)
Armour
 i - a +2 cloak (worn)
 p - a +0 pair of boots (worn)
 y - a cursed +0 robe (worn)
Jewellery
 w - a +5 ring of strength {unknown}
Scrolls
 d - a scroll of enchant armour {unknown}
 f - a scroll of identify {unknown}
 j - a scroll of remove curse {unknown}
 k - 3 scrolls of magic mapping {unknown}
 r - a scroll of noise {unknown}
 v - a scroll of teleportation {unknown}
Potions
 e - 2 potions of might {unknown}
 g - a potion of mutation {unknown}
 h - a potion of ambrosia {unknown}
 l - 2 potions of curing {unknown}
 m - 2 potions of invisibility {unknown}
 o - a potion of flight {unknown}
 s - 2 potions of heal wounds {unknown}
 t - a potion of magic {unknown}
 u - a potion of haste {unknown}
 x - a potion of brilliance {unknown}
Books
 b - a book of Flames

   Spells                             Type                      Level
   a - Flame Tongue                   Conjuration/Fire             1
   b - Throw Flame                    Conjuration/Fire             2
   c - Conjure Flame                  Conjuration/Fire             3
   d - Inner Flame                    Hexes/Fire                   3
   e - Sticky Flame                   Conjuration/Fire             4
   f - Fireball                       Conjuration/Fire             5
Comestibles
 c - 4 bread rations
 n - a meat ration


   Skills:
 - Level 2.4 Dodging
 - Level 2.4 Stealth
 + Level 6.6 Spellcasting
 - Level 3.0 Conjurations
 + Level 5.7 Fire Magic


You had 12 spell levels left.
You knew the following spells:

 Your Spells              Type           Power        Failure   Level  Hunger
a - Flame Tongue          Conj/Fire      ####.        1%          1    None
b - Throw Flame           Conj/Fire      ####..       1%          2    None
c - Conjure Flame         Conj/Fire      ####....     4%          3    #......


Dungeon Overview and Level Annotations

Branches:
Dungeon (4/15)
 Temple: D:4-7

Altars:
Dithmenos
Fedhas
Kikubaaqudgha
Makhleb
Ru
Zin

Annotations:
D:2 exclusion: downstairs
D:4 Dowan, Duvessa, Grinder, Pikel


Message History

Casting: Flame Tongue
Confirm with . or Enter, or press ? or * to list all spells.
Aiming: Flame Tongue
Press: ? - help, Shift-Dir - straight line, f - slave
Aim: a slave, wearing an animal skin (almost dead)
The flame tongue hits the slave.
The slave appears unharmed.
The slave is almost dead.
The slave misses you.
Casting: Flame Tongue
Confirm with . or Enter, or press ? or * to list all spells.
Aiming: Flame Tongue
Press: ? - help, Shift-Dir - straight line, f/p - slave
Aim: a slave, wearing an animal skin (almost dead)
The flame tongue misses the slave.
The flame tongue hits the slave.
The slave is moderately wounded.
The slave hits you!
* * * LOW HITPOINT WARNING * * *
A leopard gecko skeleton comes into view.
The slave hits you.
You die...

##.##.##...#####
##.....##
#.##.##.......#
##...##
##.##.##...8...# ##.##
..<##.##..8.8..# #.#
#####.##.8._.8.## #.#
..........8.8...# #.#
.####.K#...8....# #.#
.#
##.#.....Z..########.#
.#
#.##....###@........#
####
#.######.#p##########
...###.#######p##
##.....>.......#
.......#########
########


You could see 2 slaves and a leopard gecko skeleton.

Vanquished Creatures
  The ghost of cada the Insei, an amateur DsBe of Trog (D:3)
  3 orc priests (D:3)
  Terence (D:3)
  An orc wizard (D:3)
  Natasha (thrice) (D:3)
  2 adders
  An ooze (D:2)
  A worm (D:2)
  A dart slug (D:2)
  4 leopard geckos
  10 orcs (D:3)
  A ball python (D:2)
  9 bats
  3 giant cockroaches (D:1)
  4 goblins
  2 hobgoblins (D:2)
  15 jackals
  6 kobolds
  A quokka (D:2)
  9 frilled lizards
  7 rats
85 creatures vanquished.

Notes
Turn   | Place    | Note
-------+----------+-------------------------------------------
     0 | D:1      | Nakatomy the Deep Elf Fire Elementalist began the quest for the Orb.
     0 | D:1      | Reached XP level 1. HP: 10/10 MP: 6/6
   450 | D:1      | Reached XP level 2. HP: 15/15 MP: 4/8
   673 | D:1      | Learned a level 2 spell: Throw Flame
  1011 | D:2      | Found a sacrificial altar of Ru.
  1133 | D:2      | Reached XP level 3. HP: 19/19 MP: 8/10
  1138 | D:2      | Learned a level 3 spell: Conjure Flame
  1314 | D:2      | Reached skill level 4 in Spellcasting
  1910 | D:3      | Found a shadowy altar of Dithmenos.
  2455 | D:3      | Reached XP level 4. HP: 24/24 MP: 10/12
  2458 | D:3      | Noticed Natasha
  2462 | D:3      | Killed Natasha
  2592 | D:3      | Noticed cada's ghost (amateur DsBe)
  2882 | D:3      | Noticed Natasha
  2900 | D:3      | Killed Natasha
  2955 | D:3      | Reached XP level 5. HP: 28/28 MP: 11/14
  2965 | D:3      | Noticed Terence
  2977 | D:3      | Killed Terence
  2977 | D:3      | Reached skill level 5 in Spellcasting
  3157 | D:3      | Found a faded altar of an unknown god.
  3237 | D:3      | Found a burning altar of Makhleb.
  3241 | D:3      | Found a glowing silver altar of Zin.
  3242 | D:3      | Found a blossoming altar of Fedhas.
  3243 | D:3      | Found an ancient bone altar of Kikubaaqudgha.
  3291 | D:3      | Noticed Natasha
  3302 | D:3      | Killed Natasha
  3302 | D:3      | Reached skill level 5 in Fire Magic
  4069 | D:4      | Noticed Pikel
  4069 | D:4      | Noticed a slave
  4069 | D:4      | Noticed a slave
  4073 | D:4      | Noticed a slave
  4077 | D:3      | Reached XP level 6. HP: 32/32 MP: 9/16
  4221 | D:3      | Reached skill level 6 in Spellcasting
  4406 | D:3      | Killed cada's ghost
  4563 | D:4      | Noticed Grinder
  4612 | D:4      | Noticed Duvessa
  4612 | D:4      | Noticed Dowan
  4688 | D:4      | Noticed a slave
  4715 | D:3      | Slain by a slave

Skill      XL: |  1  2  3  4  5  6 |
---------------+-------------------+-----
Spellcasting   | 4 5 6 |  6.6
Conjurations   | 2 3 |  3.0
Fire Magic     | 4 5 |  5.7
Dodging        | |  2.4
Stealth        | |  2.4

Action                   |  1- 3 |  4- 6 || total
-------------------------+-------+-------++-------
Melee: Short sword       |     8 |     5 ||    13
 Cast: Flame Tongue      |    71 |    85 ||   156
       Throw Flame       |     4 |    22 ||    26
       Conjure Flame     |       |     3 ||     3
  Eat: Chunk             |     5 |     5 ||    10
       Beef jerky        |       |     1 ||     1
Armor: Robe              |     7 |     7 ||    14
Dodge: Dodged            |    16 |    25 ||    41
